 Dungeon Crawl Stone Soup version 0.18.1-5-g4a78601 (webtiles) character file.

14 jacquesderrida the Poker (level 2, 0/22 HPs)
             Began as a Demonspawn Skald on May 14, 2016.
             Slain by a kobold
             ... wielding a +0 whip
              (6 damage)
             ... on level 2 of the Dungeon.
             The game lasted 00:00:49 (615 turns).

jacquesderrida the Poker (Demonspawn Skald)          Turns: 615, Time: 00:00:50

Health: 0/22       AC:  7    Str: 12    XL:     2   Next: 31%
Magic:  5/5        EV: 10    Int: 13    God:
Gold:   68         SH:  0    Dex: 12    Spells: 1 memorised, 4 levels left

rFire  + + .     SeeInvis .     a - +0 spear
rCold  . . .     Gourm    .     j - +1 ring mail {rF+}
rNeg   . . .     Faith    .     (no shield)
rPois  .         Spirit   .     (no helmet)
rElec  .         Dismiss  .     i - +0 cloak (curse)
rCorr  .         Reflect  .     (no gloves)
SustAt .         Harm     .     (no boots)
MR     .....                    (no amulet)
Stlth  ..........               h - ring of protection from fire
                                g - ring of loudness (curse)

@: drained, not resistant to hostile enchantments, extremely unstealthy
A: claws 1
a: no special abilities


You were on level 2 of the Dungeon.
You were not hungry.

You visited 1 branch of the dungeon, and saw 2 of its levels.

You collected 68 gold pieces.

Inventory:

Hand Weapons
 a - a +0 spear (weapon)
Armour
 b - a +0 leather armour
 i - a cursed +0 cloak (worn)
 j - a +1 ring mail of fire resistance (worn)
Jewellery
 g - a cursed ring of loudness (left claw)
 h - a ring of protection from fire (right claw)
Scrolls
 e - a scroll of blinking {unknown}
 k - a scroll of enchant armour {unknown}
 l - a scroll of amnesia {unknown}
 m - 2 scrolls of identify {unknown}
Potions
 f - 2 potions of berserk rage {unknown}
 o - a potion of degeneration {unknown}
Books
 c - a book of Battle

   Spells                             Type                      Level
   a - Infusion                       Charms                       1
   b - Shroud of Golubria             Charms/Translocation         2
   c - Song of Slaying                Charms                       2
   d - Spectral Weapon                Hexes/Charms                 3
   e - Regeneration                   Charms/Necromancy            3
Comestibles
 d - a bread ration
 n - 3 fruits


   Skills:
 - Level 2.0(1.9) Fighting
 + Level 2.7 Polearms
 - Level 0.8 Armour
 - Level 0.8 Dodging
 - Level 2.0(1.9) Spellcasting
 - Level 2.6 Charms


You had 4 spell levels left.
You knew the following spells:

 Your Spells              Type           Power        Failure   Level  Hunger
a - Infusion              Chrm           #...         21%         1    ##.....


Dungeon Overview and Level Annotations

Branches:
Dungeon (2/15)

Altars:


Innate Abilities, Weirdness & Mutations

You have sharp fingernails.


Message History

The stone hits you but does no damage.
Found a stone and a hand axe.
Found a stone staircase leading down.
You see here a stone.
You closely miss the giant gecko. The giant gecko bites you.
You closely miss the giant gecko.
The giant gecko bites you but does no damage.
The giant gecko closely misses you.
You hit the giant gecko but do no damage.
The giant gecko bites you.
You closely miss the adder. The giant gecko closely misses you.
The adder misses you. The kobold hits you but does no damage.
You completely miss the adder. The adder closely misses you.
The giant gecko misses you. The kobold barely misses you.
Your ring mail prevents you from hitting the adder.
The adder misses you. The giant gecko closely misses you.
The kobold barely misses you.
You barely miss the adder. The adder bites you.
* * * LOW HITPOINT WARNING * * *
The giant gecko closely misses you. The kobold hits you with a whip.
You die...

.... .... #
.)... .####
#... .....
.... ....#.
#..###......
#.K........
#S@.......
#..l.......
..>..##......
...##..
#...#. .# ..#
#### ..# ###


You could see an adder, a giant gecko and a kobold.

Vanquished Creatures
  A giant cockroach (D:2)
  2 goblins (D:1)
  2 hobgoblins
  3 bats (D:1)
  3 kobolds (D:1)
  2 rats
13 creatures vanquished.

Notes
Turn   | Place    | Note
--------------------------------------------------------------
     0 | D:1      | jacquesderrida the Demonspawn Skald began the quest for the Orb.
     0 | D:1      | Reached XP level 1. HP: 16/16 MP: 3/3
   320 | D:1      | Gained mutation: You have sharp fingernails. [demonic ancestry]
   320 | D:1      | Reached XP level 2. HP: 22/22 MP: 5/5
   615 | D:2      | Slain by a kobold

Skill      XL: |  1 |
---------------+----+-----
Polearms       | 2 |  2.7
Fighting       | |  2.0
Armour         | |  0.8
Dodging        | |  0.8
Spellcasting   | |  2.0
Charms         | |  2.6

Action                   || total
-------------------------++-------
Melee: Spear             ||    62
Armor: Ring mail         ||    30
Dodge: Dodged            ||    39
